 Dungeon Sprint DCSS version 0.22-a0-414-gacd343e (webtiles) character file.

173058 raistware the Conqueror (level 16, -3/183 HPs)
             Began as a Minotaur Fighter on May 13, 2018.
             Was a High Priest of the Shining One.
             Slain by Cerebov
             ... wielding the +6 sword of Cerebov {flame}
              (10 damage)
             ... in the Dungeon (Sprint IX: "|||||||||||||||||||||||||||||").
             The game lasted 00:56:39 (5380 turns).

raistware the Conqueror (Minotaur Fighter)          Turns: 5380, Time: 00:56:40

Health: -3/183     AC: 32    Str: 27    XL:     16   Next: 4%
Magic:  23/28      EV: 22    Int:  5    God:    the Shining One [*****.]
Gold:   1424       SH: 33    Dex: 11    Spells: 15/15 levels left

rFire    + . .     SeeInvis .   c - +9 trishula (holy)
rCold    x . .     Gourm    .   M - +5 shield {reflect}
rNeg     + + .     Faith    .   z - +4 plate armour {MR+}
rPois    +         Spirit   .   (helmet restricted)
rElec    .         Reflect  +   L - +0 cloak {MR+}
rCorr    .         Harm     .   a - +0 pair of gloves
MR       +++..     NoTele   +   C - +1 pair of boots of Amorality {rPois Regen+}
Stlth    ..........             (no amulet)
HPRegen  0.80/turn              q - ring of fire
MPRegen  0.21/turn              H - +4 ring of evasion

@: divine shield, very slightly contaminated, glowing
A: retaliatory headbutt, horns 2
}: 4/15 runes: decaying, serpentine, barnacled, gossamer
a: Divine Shield, Cleansing Flame, Summon Divine Warrior, Renounce Religion


You were in the Dungeon.
You worshipped the Shining One.
The Shining One was extremely pleased with you.
You were near starving.

You visited 1 branch You collected 1940 gold pieces.
You spent 516 gold pieces at shops.

Inventory:

Hand Weapons
 c - a +9 trishula of holy wrath (weapon)
 p - a +2 morningstar of holy wrath
Armour
 a - a +0 pair of gloves (worn)
 l - a +0 plate armour of fire resistance
 z - a +4 plate armour of magic resistance (worn)
 C - the +1 pair of boots of Amorality (worn) {rPois Regen+}
   (You found it in the Dungeon)

   It protects you from poison.
   It increases your rate of regeneration.
 D - a +1 pair of boots of stealth
 E - a +1 large shield
 L - a +0 cloak of magic resistance (worn)
 M - a +5 shield of reflection (worn)
Jewellery
 q - a ring of fire (left hand)
 r - an uncursed ring of protection from magic
 A - an uncursed ring of protection from cold
 B - an uncursed ring of protection from cold
 G - a +6 ring of dexterity
 H - a +4 ring of evasion (right hand)
 I - a +4 ring of protection
 J - a +4 ring of evasion
 K - a +2 ring of slaying
Wands
 o - a wand of acid (4)
Scrolls
 k - a scroll of blinking
 m - 4 scrolls of remove curse
 n - 2 scrolls of amnesia
 w - 5 scrolls of enchant weapon
 x - 4 scrolls of fear
Potions
 b - 3 potions of brilliance
 e - 2 potions of curing
Comestibles
 f - 9 rations


   Skills:
 O Level 27 Fighting
 - Level 18.4 Maces & Flails
 - Level 14.0 Polearms
 + Level 23.7 Armour
 + Level 21.0 Dodging
 + Level 16.6 Shields
 + Level 18.2 Invocations


You had 15 spell levels left.
You didn't know any spells.
Your spell library was empty.

Dungeon Overview and Level Annotations

Branches:
Dungeon (1/1)

Altars:
Cheibriados
Dithmenos
Elyvilon
Fedhas
Gozag
Hepliaklqana
Kikubaaqudgha
Makhleb
Nemelex Xobeh
Okawaru
Qazlal
Ru
Sif Muna
Trog
Uskayaw
Vehumet
Wu Jian
Xom
Yredelemnul
Zin
The Shining One
Beogh
Jiyva
Lugonu

Shops:
D [(![

Annotations:
D Cerebov


Innate Abilities, Weirdness & Mutations

You reflexively headbutt those who attack you in melee.
You have a pair of horns on your head.


Message History

Cerebov writhes in agony!
Cerebov is severely wounded.
The golden flame engulfs the blizzard demon.
The blizzard demon writhes in agony!
The blizzard demon is heavily wounded.
You feel somewhat more hungry. You block Cerebov's attack.
The golden flame engulfs you! You resist.
The golden flame engulfs Cerebov.
Cerebov writhes in agony!
Cerebov is severely wounded.
The golden flame engulfs the blizzard demon.
The blizzard demon writhes in agony!
You kill the blizzard demon!
You are near starving!
You block Cerebov's attack. Magic courses through your body.
Cerebov shouts, "Give in, thou warped beetle-headed haggard!"
Cerebov hits you with a great serpentine sword {flame}!!!
* * * LOW HITPOINT WARNING * * *
Cerebov burns you!
You die...

▓▓▓▓▓▓▓▓▓▓▓▓▓▓▓▓▓▓▓▓▓▓▓
......§...............▓
▓▓▓▓▓▓▓▓▓▓▓▓▓▓▓▓▓▓▓▓▓[▓
...'............@&....▓
▓▓▓▓▓▓▓▓▓▓▓▓▓▓▓▓▓▓▓▓▓▓▓
......................▓
▓▓▓▓▓▓▓▓▓▓▓▓▓▓▓▓▓▓▓▓▓.▓
...........'..........▓
▓▓▓▓▓▓▓▓▓▓▓▓▓▓▓▓▓▓▓▓▓▓▓
......................▓
▓▓▓▓▓▓▓▓▓▓▓▓▓▓▓▓▓▓▓▓▓.▓
()))......).'.........▓


You could see Cerebov.

Vanquished Creatures
  Mennas (D)
  2 tentacled monstrosities (D)
  3 nagarajas (D)
  4 ghost moths (D)
  A frost giant (D)
  6 emperor scorpions (D)
  An ironheart preserver (D)
  A war gargoyle (D)
  A very ugly thing (D)
  A stone giant (D)
  A spark wasp (D)
  A yaktaur captain (D)
  3 merfolk javelineers (D)
  2 merfolk impalers (D)
  3 hydras (D)
  2 ice dragons (D)
  15 vault guards (D)
  3 naga warriors (D)
  A rakshasa (D)
  A ghost crab (D)
  A two-headed ogre (D)
  2 merfolk aquamancers (D)
  A tengu warrior (D)
  A shock serpent (D)
  An orc high priest (D)
  A fire crab (shapeshifter) (D)
  A swamp dragon (D)
  A naga ritualist (D)
  2 glowing orange brains (D)
  4 orc knights (D)
  A lindwurm (D)
  A necromancer (D)
  A wolf spider (D)
  3 orc sorcerers (D)
  2 ugly things (D)
  2 moths of wrath (D)
  A manticore (D)
  3 black mambas (D)
  2 naga magi (D)
  Joseph (D)
  2 guardian serpents (D)
  A spiny frog (D)
  2 demonic crawlers (D)
  3 komodo dragons (D)
  A troll (D)
  A hornet (D)
  A slime creature (D)
  A hippogriff (D)
  2 tarantellas (D)
  A wyvern (D)
  2 redbacks (D)
  A yak (D)
  Grum (D)
  2 basilisks (D)
  2 wargs (D)
  A naga (D)
  2 swamp drakes (D)
  4 hell hounds (D)
  A water moccasin (D)
  A porcupine (D)
  4 orc warriors (D)
  An ice beast (D)
  3 crocodiles (D)
  5 wolves (D)
  4 bullfrogs (D)
  A scorpion (D)
  2 crimson imps (D)
  3 jellies (D)
  3 orc priests (D)
  2 hounds (D)
  A gnoll shaman (D)
  A worker ant (D)
  5 orc wizards (D)
  An adder (D)
  8 orcs (D)
  A bat zombie (D)
  A giant cockroach (D)
  2 goblins (D)
  A hobgoblin (D)
  A kobold (D)
  A ball python (D)
168 creatures vanquished.

Vanquished Creatures (collateral kills)
  Xtahua (D)
  A caustic shrike (shapeshifter) (D)
  Nikola (D)
  An Orb Guardian (D)
  A deep elf master archer (D)
  3 sphinxes (D)
  Donald (D)
  3 nagarajas (D)
  Ilsuiw (D)
  A frost giant (D)
  Aizul (D)
  An emperor scorpion (D)
  An ironheart preserver (D)
  2 stone giants (D)
  3 very ugly things (D)
  Nessos (D)
  3 merfolk impalers (D)
  A fire dragon (D)
  2 merfolk javelineers (D)
  An ettin (D)
  A mummy priest (D)
  2 yaktaur captains (D)
  A great orb of eyes (D)
  A naga warrior (D)
  3 ice dragons (D)
  7 hydras (D)
  10 vault guards (D)
  A spriggan air mage (D)
  2 rakshasas (D)
  3 merfolk aquamancers (D)
  A centaur warrior (D)
  An ogre mage (D)
  A satyr (D)
  A spriggan berserker (D)
  A hell knight (D)
  A glowing orange brain (D)
  5 ironbrand convokers (D)
  A swamp dragon (D)
  A necromancer (D)
  3 orc knights (D)
  A mana viper (D)
  4 orc sorcerers (D)
  An ugly thing (D)
  2 cyclopes (D)
  A vault sentinel (D)
  A spiny frog (D)
  A guardian serpent (D)
  2 freezing wraiths (D)
  A yaktaur (D)
  2 guardian mummies (D)
  A tengu conjurer (D)
  3 merfolk (D)
  A wind drake (shapeshifter) (D)
  A meliai (shapeshifter) (D)
  2 hornets (D)
  2 snapping turtles (D)
  A spriggan (D)
  A steam dragon (shapeshifter) (D)
  A vampire mosquito (D)
  A swamp drake (D)
  2 orc warriors (D)
  An orc (D)
110 creatures vanquished.

Vanquished Creatures (others)
  An Orb Guardian (D)
  3 hydras (D)
  A slime creature (D)
  An orc (D)
6 creatures vanquished.

Grand Total: 284 creatures vanquished

Notes
Turn   | Place    | Note
-------+----------+-------------------------------------------
     0 | D        | raistware the Minotaur Fighter began the quest for the Orb.
     0 | D        | Reached XP level 1. HP: 19/19 MP: 0/0
    23 | D        | Reached skill level 5 in Maces & Flails
    30 | D        | Noticed an ice beast
    30 | D        | Noticed a gnoll shaman
    33 | D        | Reached XP level 2. HP: 26/26 MP: 1/1
    44 | D        | Killed an ice beast
    44 | D        | Reached skill level 10 in Maces & Flails
    44 | D        | Reached XP level 3. HP: 31/31 MP: 2/2
    44 | D        | Reached XP level 4. HP: 39/39 MP: 3/3
    55 | D        | Found a roughly hewn altar of Beogh.
    55 | D        | Found a snail-covered altar of Cheibriados.
    55 | D        | Found a shadowy altar of Dithmenos.
    55 | D        | Found a white marble altar of Elyvilon.
    55 | D        | Found a blossoming altar of Fedhas.
    55 | D        | Found an opulent altar of Gozag.
    56 | D        | Found a hazy altar of Hepliaklqana.
    57 | D        | Found a viscous altar of Jiyva.
    58 | D        | Found an ancient bone altar of Kikubaaqudgha.
    59 | D        | Found a corrupted altar of Lugonu.
    60 | D        | Found a burning altar of Makhleb.
    61 | D        | Found a sparkling altar of Nemelex Xobeh.
    62 | D        | Found an iron altar of Okawaru.
    63 | D        | Found a stormy altar of Qazlal.
    64 | D        | Found a sacrificial altar of Ru.
    65 | D        | Found a deep blue altar of Sif Muna.
    66 | D        | Found a bloodstained altar of Trog.
    67 | D        | Found a hide-covered altar of Uskayaw.
    68 | D        | Found a radiant altar of Vehumet.
    69 | D        | Found an ornate altar of the Wu Jian Council.
    70 | D        | Found a shimmering altar of Xom.
    71 | D        | Found a basalt altar of Yredelemnul.
    72 | D        | Found a glowing silver altar of Zin.
    73 | D        | Found a glowing golden altar of the Shining One.
    81 | D        | Became a worshipper of the Shining One
   131 | D        | Noticed a bullfrog
   131 | D        | Noticed a two-headed ogre
   131 | D        | Reached * piety under the Shining One
   133 | D        | Reached XP level 5. HP: 45/45 MP: 4/4
   141 | D        | Killed a two-headed ogre
   141 | D        | Reached XP level 6. HP: 47/51 MP: 5/5
   141 | D        | Reached XP level 7. HP: 53/57 MP: 6/6
   142 | D        | Reached skill level 4 in Fighting
   142 | D        | Reached skill level 1 in Dodging
   147 | D        | Reached skill level 5 in Fighting
   156 | D        | Reached ** piety under the Shining One
   156 | D        | Noticed a troll
   156 | D        | Noticed a manticore
   160 | D        | Reached skill level 6 in Fighting
   160 | D        | Reached XP level 8. HP: 67/70 MP: 7/7
   162 | D        | Killed a troll
   162 | D        | Reached skill level 8 in Fighting
   167 | D        | Killed a manticore
   167 | D        | Reached skill level 10 in Fighting
   355 | D        | Reached *** piety under the Shining One
   355 | D        | Noticed a spiny frog
   358 | D        | Noticed a komodo dragon
   360 | D        | Reached **** piety under the Shining One
   362 | D        | Reached skill level 11 in Fighting
   365 | D        | Killed a spiny frog
   365 | D        | Reached skill level 12 in Fighting
   365 | D        | Reached XP level 9. HP: 68/91 MP: 8/8
   372 | D        | Reached skill level 13 in Fighting
   378 | D        | Killed a komodo dragon
   382 | D        | Reached skill level 14 in Fighting
   552 | D        | Noticed a komodo dragon
   552 | D        | Reached ***** piety under the Shining One
   554 | D        | Reached skill level 1 in Invocations
   557 | D        | Noticed a komodo dragon
   565 | D        | Killed a komodo dragon
   573 | D        | Killed a komodo dragon
   573 | D        | Reached skill level 15 in Fighting
   573 | D        | Reached skill level 10 in Dodging
   573 | D        | Reached XP level 10. HP: 95/105 MP: 9/11
   579 | D        | Noticed a lindwurm
   589 | D        | Killed a lindwurm
   853 | D        | Reached ****** piety under the Shining One
   853 | D        | Reached skill level 16 in Fighting
   853 | D        | Reached skill level 5 in Invocations
   959 | D        | Noticed Joseph
   976 | D        | Killed Joseph
  1038 | D        | Noticed an orc sorcerer
  1045 | D        | Noticed a sixfirhy
  1046 | D        | Noticed a smoke demon
  1046 | D        | Killed an orc sorcerer
  1046 | D        | Reached skill level 17 in Fighting
  1243 | D        | Noticed an orc knight
  1243 | D        | Noticed an orc knight
  1243 | D        | Noticed an orc sorcerer
  1255 | D        | Killed an orc knight
  1260 | D        | Killed an orc knight
  1262 | D        | Killed an orc sorcerer
  1262 | D        | Reached skill level 18 in Fighting
  1270 | D        | Reached XP level 11. HP: 98/119 MP: 15/15
  1274 | D        | Noticed an orc knight
  1313 | D        | Killed an orc knight
  1554 | D        | Found Ronn's Armour Emporium.
  1554 | D        | Noticed an orc knight
  1554 | D        | Noticed an orc sorcerer
  1554 | D        | Noticed an orc high priest
  1556 | D        | Noticed an orc knight
  1567 | D        | Killed an orc knight
  1568 | D        | Found Zoos's Weapon Shoppe.
  1568 | D        | Noticed an orc sorcerer
  1577 | D        | Killed an orc sorcerer
  1584 | D        | Killed an orc high priest
  1584 | D        | Reached skill level 5 in Armour
  1587 | D        | Noticed an orc sorcerer
  1589 | D        | Noticed an orc knight
  1591 | D        | Noticed an orc sorcerer
  1598 | D        | Killed an orc knight
  1598 | D        | Reached skill level 19 in Fighting
  1601 | D        | Noticed a sixfirhy
  1605 | D        | Killed an orc sorcerer
  1606 | D        | Noticed a sixfirhy
  1614 | D        | Killed an orc sorcerer
  1620 | D        | Noticed an orc sorcerer
  1622 | D        | Killed an orc knight
  1623 | D        | Noticed a soul eater
  1626 | D        | Killed an orc sorcerer
  1631 | D        | Killed an orc sorcerer
  1640 | D        | Found Hiun's Distillery.
  1644 | D        | Found Uqyab's Antique Armour Shoppe.
  1653 | D        | Bought a potion of agility for 52 gold pieces
  1653 | D        | Bought a potion of curing for 39 gold pieces
  1653 | D        | Bought a potion of heal wounds for 65 gold pieces
  1671 | D        | Bought a +0 plate armour of fire resistance for 360 gold pieces
  1864 | D        | Noticed Grum
  1872 | D        | Killed Grum
  1987 | D        | Got the +1 pair of boots of Amorality {rPois Regen+}
  2023 | D        | Noticed a fire crab
  2023 | D        | Noticed an orc knight
  2031 | D        | Noticed an ettin
  2039 | D        | Killed a fire crab
  2044 | D        | Noticed a harpy
  2044 | D        | a spriggan changed into a harpy
  2045 | D        | a harpy changed into a hog
  2060 | D        | Killed an orc knight
  2066 | D        | Killed an ettin
  2066 | D        | Reached skill level 5 in Shields
  2074 | D        | Noticed a stone giant
  2083 | D        | Killed a stone giant
  2083 | D        | Reached skill level 20 in Fighting
  2083 | D        | Reached skill level 10 in Invocations
  2098 | D        | Noticed a white very ugly thing
  2099 | D        | Noticed an ogre mage
  2101 | D        | Noticed a great orb of eyes
  2103 | D        | Noticed a rakshasa
  2107 | D        | Killed a white very ugly thing
  2111 | D        | Killed an ogre mage
  2116 | D        | Killed a great orb of eyes
  2131 | D        | Killed a rakshasa
  2131 | D        | Reached XP level 12. HP: 35/134 MP: 9/18
  2136 | D        | Noticed an ice dragon
  2144 | D        | Killed an ice dragon
  2236 | D        | Noticed Nessos
  2243 | D        | Killed Nessos
  2283 | D        | Noticed a spark wasp
  2283 | D        | Noticed a ghost moth
  2283 | D        | Noticed a ghost moth
  2293 | D        | Killed a spark wasp
  2312 | D        | Killed a ghost moth
  2312 | D        | Reached skill level 21 in Fighting
  2318 | D        | Killed a ghost moth
  2318 | D        | Reached skill level 10 in Armour
  2393 | D        | Noticed a merfolk impaler
  2393 | D        | Noticed a satyr
  2393 | D        | Noticed a merfolk impaler
  2394 | D        | Noticed a merfolk javelineer
  2406 | D        | Killed a merfolk impaler
  2410 | D        | Killed a satyr
  2487 | D        | Killed a merfolk javelineer
  2487 | D        | Reached skill level 15 in Dodging
  2494 | D        | Killed a merfolk impaler
  2522 | D        | Noticed a naga warrior
  2522 | D        | Noticed a naga warrior
  2535 | D        | Killed a naga warrior
  2545 | D        | Reached skill level 22 in Fighting
  2557 | D        | Killed a naga warrior
  2557 | D        | Reached skill level 10 in Shields
  2720 | D        | Noticed a six-headed hydra
  2720 | D        | Noticed a seven-headed hydra
  2721 | D        | Noticed a seven-headed hydra
  2726 | D        | Killed a seven-headed hydra
  2729 | D        | Killed a seven-headed hydra
  2733 | D        | Noticed a four-headed hydra
  2740 | D        | Reached XP level 13. HP: 146/146 MP: 7/21
  2877 | D        | Noticed a sphinx
  2877 | D        | Noticed a fire dragon
  2909 | D        | Killed a sphinx
  2919 | D        | Noticed a frost giant
  2931 | D        | Killed a fire dragon
  2944 | D        | Reached skill level 23 in Fighting
  2946 | D        | Noticed a golden dragon
  2948 | D        | Noticed a caustic shrike
  2948 | D        | a golden dragon changed into a caustic shrike
  2956 | D        | Noticed an acid blob
  2956 | D        | a caustic shrike changed into an acid blob
  2957 | D        | Noticed a shadow dragon
  2957 | D        | an acid blob changed into a shadow dragon
  2964 | D        | Noticed a caustic shrike
  2964 | D        | a shadow dragon changed into a caustic shrike
  2969 | D        | Killed a caustic shrike
  3074 | D        | Noticed a green very ugly thing
  3093 | D        | Noticed a frost giant
  3103 | D        | Killed a green very ugly thing
  3111 | D        | Killed a frost giant
  3231 | D        | Reached skill level 24 in Fighting
  3261 | D        | Noticed a stone giant
  3268 | D        | Noticed an ironheart preserver
  3269 | D        | Killed a stone giant
  3276 | D        | Killed an ironheart preserver
  3286 | D        | Noticed a deep elf master archer
  3292 | D        | Killed a deep elf master archer
  3312 | D        | Noticed a green very ugly thing
  3319 | D        | Noticed a sphinx
  3324 | D        | Killed a sphinx
  3326 | D        | Noticed a mummy priest
  3329 | D        | Noticed an Orb Guardian
  3333 | D        | Killed a green very ugly thing
  3338 | D        | Killed an Orb Guardian
  3339 | D        | Killed a mummy priest
  3339 | D        | Reached XP level 14. HP: 99/159 MP: 11/23
  3340 | D        | Noticed a reaper
  3341 | D        | Noticed a sphinx
  3358 | D        | Killed a sphinx
  3524 | D        | Noticed Xtahua
  3539 | D        | Killed Xtahua
  3539 | D        | Reached skill level 25 in Fighting
  3707 | D        | Noticed Nikola
  3742 | D        | Killed Nikola
  3742 | D        | Reached skill level 1 in Polearms
  3742 | D        | Reached skill level 15 in Armour
  3868 | D        | Got a decaying rune of Zot
  3897 | D        | Noticed a nagaraja
  3897 | D        | Noticed a nagaraja
  3897 | D        | Noticed a nagaraja
  3906 | D        | Killed a nagaraja
  3913 | D        | Noticed a nagaraja
  3916 | D        | Killed a nagaraja
  3922 | D        | Killed a nagaraja
  3922 | D        | Reached skill level 5 in Polearms
  3933 | D        | Noticed a nagaraja
  3934 | D        | Killed a nagaraja
  3934 | D        | Reached skill level 15 in Invocations
  3940 | D        | Killed a nagaraja
  3940 | D        | Reached skill level 15 in Shields
  3951 | D        | Noticed a nagaraja
  3958 | D        | Reached skill level 26 in Fighting
  3961 | D        | Killed a nagaraja
  4078 | D        | Got a serpentine rune of Zot
  4088 | D        | Noticed Ilsuiw
  4104 | D        | Killed Ilsuiw
  4153 | D        | Got a barnacled rune of Zot
  4213 | D        | Noticed an emperor scorpion
  4213 | D        | Noticed a ghost moth
  4213 | D        | Noticed an emperor scorpion
  4213 | D        | Noticed an emperor scorpion
  4404 | D        | Killed an emperor scorpion
  4478 | D        | Killed a ghost moth
  4487 | D        | Killed an emperor scorpion
  4536 | D        | Noticed a ghost moth
  4536 | D        | Killed an emperor scorpion
  4536 | D        | Reached skill level 27 in Fighting
  4536 | D        | Reached XP level 15. HP: 144/174 MP: 12/26
  4545 | D        | Killed a ghost moth
  4545 | D        | Reached skill level 10 in Polearms
  4658 | D        | Got a gossamer rune of Zot
  4733 | D        | Noticed Donald
  4752 | D        | Killed Donald
  4814 | D        | Noticed Aizul
  4828 | D        | Killed Aizul
  4854 | D        | Noticed Mennas
  4913 | D        | Killed Mennas
  5155 | D        | Noticed a tentacled monstrosity
  5185 | D        | Killed a tentacled monstrosity
  5194 | D        | Noticed a frost giant
  5208 | D        | Killed a frost giant
  5211 | D        | Noticed Cerebov
  5211 | D        | Noticed an Orb Guardian
  5211 | D        | Noticed a tentacled monstrosity
  5251 | D        | Noticed an Executioner
  5262 | D        | Killed a tentacled monstrosity
  5262 | D        | Reached XP level 16. HP: 124/183 MP: 17/28
  5263 | D        | Noticed a Hell Sentinel
  5282 | D        | Killed an Orb Guardian
  5283 | D        | HP: 8/183 [Cerebov/great blast of fire (45)]
  5380 | D        | HP: 7/183 [Cerebov/great serpentine sword {flame} (46)]
  5380 | D        | Identified the +6 sword of Cerebov {flame}
  5380 | D        | Slain by Cerebov

Vault maps used:
D:        linesprint

Skill      XL: |  1  2  3  4  5  6  7  8  9 10 11 12 13 14 15 |
---------------+----------------------------------------------+-----
Maces & Flails | 6 10 12 18 | 18.4
Fighting       | 6 12 15 18 20 22 24 27 | 27.0
Dodging        | 2 7 10 12 14 15 17 19 21 | 21.0
Invocations    | 3 7 10 12 14 16 18 | 18.2
Armour         | 8 11 14 17 23 | 23.7
Shields        | 6 10 13 15 16 | 16.6
Polearms       | 9 14 | 14.0

Action                   |  1- 3 |  4- 6 |  7- 9 | 10-12 | 13-15 | 16-18 || total
-------------------------+-------+-------+-------+-------+-------+-------++-------
Melee: Flail             |    33 |     3 |       |       |       |       ||    36
       Headbutt          |     6 |     4 |    18 |    40 |   103 |     5 ||   176
       Morningstar       |       |    10 |    66 |   209 |   262 |       ||   547
       Trident           |       |       |       |     4 |       |       ||     4
       Trishula          |       |       |       |       |   138 |    20 ||   158
Invok: Summon Divine War |       |       |       |     8 |    36 |     2 ||    46
       Divine Shield     |       |       |       |     1 |       |     2 ||     3
       Cleansing Flame   |       |       |       |       |     2 |     8 ||    10
Evoke: Wand              |       |       |       |     5 |     1 |       ||     6
  Use: Potion            |       |       |       |     9 |    19 |     5 ||    33
       Scroll            |       |       |       |       |    10 |     4 ||    14
  Eat: Chunk             |       |       |       |     8 |     6 |     1 ||    15
       Ration            |       |       |       |       |     3 |       ||     3
Armor: Scale mail        |    17 |       |       |       |       |       ||    17
       Ring mail         |       |     2 |     3 |     8 |       |       ||    13
       Plate armour      |       |       |       |    37 |   142 |    13 ||   192
Dodge: Dodged            |     9 |     2 |    13 |   101 |   195 |    20 ||   340
Block: Shield            |    14 |     5 |    19 |    82 |   235 |    33 ||   388
       Reflection        |       |       |       |       |     2 |     1 ||     3

Table legend:
 A = Spawn XP
 B = Non-spawn XP
 C = Spawn XP percentage of total XP
 D = Spawn monster count
 E = Non-spawn monster count
 F = Spawn count percentage of total count
 G = Total turns spent on level
                    A         B        C        D         E        F      G
               +---------+---------+-------+---------+---------+-------+---------
         Total |       0 |  155798 |   0.0 |       0 |     280 |   0.0 |  5380
               +---------+---------+-------+---------+---------+-------+---------
             D |       0 |  155798 |   0.0 |       0 |     280 |   0.0 |  5380
               +---------+---------+-------+---------+---------+-------+---------
